[ AOE2 MATCH · #463527929 ]
1v1 RMFranks vs Franks
Player's team · WIN
Rival team · LOSS
[ REPLAY ANALYSIS · EXTRACTED FROM THE RECORDED GAME ]
Feudal
11:03
Castle
21:48
Imperial
32:43
| APM avg | 19.9 |
| APM peak | 40 |
| eAPM avg | 12.7 |
| Villagers / military | 120 / 125 |
Focus
⚔️ 29.2% · 🌾 70.8%
Knight ×98 · Trebuchet (Packed) ×15 · Spearman ×7 · Scout Cavalry ×5
Feudal
9:23
Castle
19:50
Imperial
37:57
| APM avg | 32.2 |
| APM peak | 64 |
| eAPM avg | 19.5 |
| Villagers / military | 111 / 68 |
Focus
⚔️ 25.5% · 🌾 74.5%
Knight ×51 · Spearman ×6 · Trebuchet (Packed) ×6 · Throwing Axeman ×3 · Trade Cart ×1 · Scout Cavalry ×1
Match map
Initial resources + every placement click. Lines = walls · curves = elevation contours. ◆ gold · ⬟ stone · ● berries · ✦ relic · ◌ wall gap
Your base· Open — opponent sealed themselves in
adrianmarateoo1993's base· ✓ Closed at 19:50 · 45t walls · 2 gate(s)
Smoothed initial terrain · ◌ = detected wall gap · hover for details
Inputs per minute
— cdavidson742 - - adrianmarateoo1993
Build order — cdavidson742
First 150 of 302 actions detected
| 0:00 | Create | Villager (Male) |
| 0:01 | Create | Villager (Male) |
| 0:01 | Create | Villager (Male) |
| 0:03 | Build | House |
| 0:05 | Build | House |
| 0:38 | Create | Villager (Male) |
| 1:25 | Create | Villager (Male) |
| 1:50 | Build | Lumber Camp |
| 2:04 | Create | Villager (Male) |
| 2:05 | Create | Villager (Male) |
| 2:30 | Create | Villager (Male) |
| 3:06 | Create | Villager (Male) |
| 3:06 | Create | Villager (Male) |
| 3:06 | Create | Villager (Male) |
| 3:46 | Create | Villager (Male) |
| 4:03 | Build | House |
| 4:04 | Build | House |
| 4:05 | Build | House |
| 4:11 | Create | Villager (Male) |
| 4:27 | Create | Villager (Male) |
| 5:28 | Research | Loom |
| 5:30 | Create | Villager (Male) |
| 5:51 | Create | Villager (Male) |
| 6:45 | Create | Villager (Male) |
| 7:02 | Create | Villager (Male) |
| 7:27 | Create | Villager (Male) |
| 7:57 | Create | Villager (Male) |
| 8:08 | Build | Barracks |
| 8:26 | Build | Mill |
| 8:28 | Create | Villager (Male) |
| 8:37 | Build | Mining Camp |
| 8:47 | Research | Feudal Age |
| 8:47 | Research | Feudal Age |
| 8:47 | Research | Feudal Age |
| 9:05 | Build | House |
| 9:48 | Create | Villager (Male) |
| 11:02 | Create | Villager (Male) |
| 11:02 | Create | Villager (Male) |
| 11:03 | Age | Feudal Age |
| 11:07 | Build | Blacksmith |
| 11:16 | Build | Stable |
| 11:21 | Create | Villager (Male) |
| 11:39 | Research | Double-Bit Axe |
| 12:01 | Build | Farm |
| 12:03 | Create | Villager (Male) |
| 12:12 | Create | Scout Cavalry |
| 12:12 | Create | Scout Cavalry |
| 12:12 | Create | Scout Cavalry |
| 12:13 | Create | Scout Cavalry |
| 12:23 | Build | Farm |
| 12:24 | Build | Farm |
| 12:27 | Build | Farm |
| 12:28 | Create | Villager (Male) |
| 12:38 | Create | Scout Cavalry |
| 12:47 | Build | Farm |
| 13:06 | Create | Villager (Male) |
| 13:06 | Create | Villager (Male) |
| 13:12 | Build | Farm |
| 13:21 | Build | Farm |
| 13:37 | Create | Villager (Male) |
| 13:41 | Build | Farm |
| 14:03 | Build | Farm |
| 14:04 | Create | Villager (Male) |
| 14:23 | Create | Villager (Male) |
| 14:30 | Build | Farm |
| 14:32 | Create | Villager (Male) |
| 14:37 | Build | House |
| 14:40 | Build | House |
| 14:42 | Build | House |
| 14:45 | Create | Villager (Male) |
| 15:13 | Create | Villager (Male) |
| 15:15 | Build | Farm |
| 15:17 | Create | Villager (Male) |
| 15:30 | Create | Villager (Male) |
| 15:33 | Build | Farm |
| 15:48 | Create | Villager (Male) |
| 15:55 | Build | Farm |
| 16:31 | Build | Farm |
| 16:44 | Build | Farm |
| 16:45 | Build | Farm |
| 16:46 | Build | Farm |
| 16:48 | Build | Farm |
| 17:08 | Create | Villager (Male) |
| 17:10 | Build | Farm |
| 17:17 | Build | Farm |
| 17:38 | Build | Farm |
| 17:39 | Create | Villager (Male) |
| 18:04 | Create | Villager (Male) |
| 18:24 | Create | Villager (Male) |
| 18:29 | Build | Farm |
| 18:47 | Build | House |
| 18:48 | Build | House |
| 18:49 | Build | House |
| 18:49 | Build | House |
| 19:05 | Research | Castle Age |
| 19:25 | Build | Stable |
| 20:06 | Research | Forging |
| 20:07 | Research | Scale Barding Armor |
| 20:19 | Build | Mining Camp |
| 21:10 | Create | Spearman |
| 21:34 | Create | Spearman |
| 21:34 | Create | Spearman |
| 21:37 | Create | Spearman |
| 21:37 | Create | Spearman |
| 21:38 | Create | Spearman |
| 21:39 | Create | Spearman |
| 21:48 | Age | Castle Age |
| 21:51 | Create | Knight |
| 21:51 | Create | Knight |
| 21:51 | Create | Knight |
| 21:51 | Create | Knight |
| 21:52 | Create | Knight |
| 21:52 | Create | Knight |
| 21:52 | Create | Knight |
| 22:06 | Build | Town Center |
| 22:12 | Create | Villager (Male) |
| 22:13 | Create | Villager (Male) |
| 22:13 | Create | Villager (Male) |
| 22:13 | Create | Villager (Male) |
| 22:16 | Research | Bow Saw |
| 22:18 | Research | Gold Mining |
| 23:00 | Build | Town Center |
| 23:02 | Create | Villager (Male) |
| 23:20 | Build | House |
| 23:22 | Build | House |
| 23:22 | Build | House |
| 23:23 | Build | House |
| 23:43 | Create | Villager (Male) |
| 23:44 | Create | Villager (Male) |
| 23:45 | Create | Villager (Male) |
| 23:46 | Create | Villager (Male) |
| 23:58 | Create | Villager (Male) |
| 23:58 | Create | Villager (Male) |
| 24:01 | Create | Villager (Male) |
| 24:01 | Create | Villager (Male) |
| 24:02 | Create | Villager (Male) |
| 24:13 | Build | Market |
| 24:16 | Research | Husbandry |
| 24:17 | Create | Knight ×2 |
| 24:17 | Create | Knight ×2 |
| 24:17 | Create | Knight ×2 |
| 24:33 | Build | Farm |
| 24:58 | Create | Villager (Male) |
| 25:19 | Build | Mining Camp |
| 25:20 | Create | Villager (Male) |
| 25:22 | Create | Villager (Male) |
| 26:20 | Create | Villager (Male) |
| 26:21 | Create | Villager (Male) |
| 26:22 | Create | Villager (Male) |
| 26:24 | Create | Villager (Male) |
Build order — adrianmarateoo1993
First 150 of 314 actions detected
| 0:01 | Create | Villager (Male) |
| 0:01 | Create | Villager (Male) |
| 0:02 | Build | House |
| 0:03 | Build | House |
| 0:30 | Create | Villager (Male) |
| 0:30 | Create | Villager (Male) |
| 0:30 | Create | Villager (Male) |
| 1:17 | Create | Villager (Male) |
| 1:17 | Create | Villager (Male) |
| 1:45 | Create | Villager (Male) |
| 1:46 | Create | Villager (Male) |
| 2:28 | Create | Villager (Male) |
| 2:29 | Create | Villager (Male) |
| 2:45 | Create | Villager (Male) |
| 2:45 | Create | Villager (Male) |
| 3:01 | Build | Lumber Camp |
| 3:21 | Create | Villager (Male) |
| 3:21 | Create | Villager (Male) |
| 3:30 | Build | House |
| 3:48 | Create | Villager (Male) |
| 3:49 | Create | Villager (Male) |
| 3:49 | Create | Villager (Male) |
| 4:02 | Create | Villager (Male) |
| 4:03 | Create | Villager (Male) |
| 4:33 | Create | Villager (Male) |
| 4:34 | Create | Villager (Male) |
| 5:08 | Create | Villager (Male) |
| 5:35 | Build | Mill |
| 5:47 | Create | Villager (Male) |
| 6:42 | Research | Loom |
| 6:48 | Build | House |
| 7:13 | Research | Feudal Age |
| 7:13 | Research | Feudal Age |
| 7:36 | Create | Villager (Male) |
| 7:43 | Build | Mill |
| 8:34 | Create | Villager (Male) |
| 8:35 | Create | Villager (Male) |
| 9:07 | Create | Villager (Male) |
| 9:23 | Age | Feudal Age |
| 9:34 | Research | Double-Bit Axe |
| 9:52 | Build | Farm |
| 10:11 | Create | Villager (Male) |
| 10:19 | Build | House |
| 10:31 | Create | Villager (Male) |
| 10:47 | Build | Farm |
| 11:14 | Build | Barracks |
| 11:19 | Build | Palisade Wall |
| 11:23 | Build | House |
| 11:26 | Build | House |
| 11:32 | Build | House |
| 11:49 | Create | Villager (Male) |
| 12:26 | Build | Blacksmith |
| 12:30 | Build | House |
| 12:31 | Build | House |
| 12:39 | Create | Villager (Male) |
| 12:40 | Create | Villager (Male) |
| 12:56 | Build | Mining Camp |
| 13:09 | Create | Villager (Male) |
| 13:15 | Build | Lumber Camp |
| 13:21 | Create | Villager (Male) |
| 13:40 | Build | Palisade Wall |
| 13:43 | Build | House |
| 13:44 | Build | House |
| 13:52 | Build | Farm |
| 13:56 | Build | Farm |
| 13:57 | Build | Farm |
| 14:20 | Build | Palisade Wall |
| 14:24 | Build | Palisade Gate |
| 14:26 | Create | Villager (Male) |
| 14:27 | Create | Villager (Male) |
| 14:36 | Build | Palisade Wall |
| 14:44 | Build | Palisade Wall |
| 14:49 | Create | Spearman |
| 14:50 | Create | Spearman |
| 14:50 | Create | Spearman |
| 14:51 | Create | Spearman |
| 14:58 | Build | House |
| 15:03 | Build | House |
| 15:07 | Build | Palisade Wall |
| 15:56 | Build | Palisade Gate |
| 16:09 | Build | Farm |
| 16:09 | Build | Farm |
| 16:13 | Build | Farm |
| 16:21 | Build | Market |
| 16:34 | Build | House |
| 16:43 | Build | Farm |
| 17:10 | Research | Castle Age |
| 17:11 | Research | Castle Age |
| 17:20 | Build | Mining Camp |
| 17:35 | Create | Trade Cart |
| 17:37 | Build | House |
| 17:43 | Build | Palisade Wall |
| 17:47 | Build | House |
| 17:49 | Build | House |
| 18:45 | Build | Stable |
| 18:45 | Build | Stable |
| 18:57 | Create | Villager (Male) |
| 18:58 | Create | Villager (Male) |
| 19:14 | Build | Palisade Wall |
| 19:15 | Build | Palisade Wall |
| 19:22 | Create | Villager (Male) |
| 19:50 | Age | Castle Age |
| 20:01 | Create | Knight |
| 20:01 | Create | Knight |
| 20:33 | Create | Villager (Male) |
| 20:33 | Create | Villager (Male) |
| 20:39 | Build | Farm |
| 20:47 | Build | Town Center |
| 20:55 | Build | House |
| 21:11 | Research | Forging |
| 21:13 | Create | Villager (Male) |
| 21:45 | Research | Scale Barding Armor |
| 21:48 | Create | Knight |
| 21:48 | Create | Knight |
| 22:08 | Create | Villager (Male) |
| 22:08 | Create | Villager (Male) |
| 22:08 | Create | Villager (Male) |
| 22:11 | Create | Villager (Male) |
| 22:12 | Create | Villager (Male) |
| 22:20 | Create | Knight |
| 22:24 | Create | Villager (Male) |
| 22:25 | Create | Villager (Male) |
| 22:38 | Create | Villager (Male) |
| 23:12 | Build | Town Center |
| 23:36 | Create | Spearman |
| 23:37 | Create | Spearman |
| 23:38 | Create | Knight |
| 23:39 | Create | Knight |
| 23:39 | Create | Knight |
| 23:54 | Create | Villager (Male) |
| 23:55 | Create | Villager (Male) |
| 24:12 | Create | Knight |
| 24:13 | Create | Knight |
| 24:49 | Build | Castle |
| 25:00 | Create | Scout Cavalry |
| 25:58 | Build | Mill |
| 26:00 | Build | Farm |
| 26:00 | Build | Farm |
| 26:01 | Build | Farm |
| 26:04 | Build | Farm |
| 26:06 | Create | Villager (Male) |
| 26:07 | Create | Villager (Male) |
| 26:15 | Create | Villager (Male) |
| 26:16 | Create | Villager (Male) |
| 26:19 | Create | Villager (Male) |
| 26:20 | Create | Villager (Male) |
| 26:24 | Build | Lumber Camp |
| 26:29 | Build | House |
| 26:47 | Create | Villager (Male) |
| 26:48 | Create | Villager (Male) |
Match timeline
| 8:08 | cdavidson742 · first_building Barracks |
| 9:23 | adrianmarateoo1993 · age_up feudal |
| 11:03 | cdavidson742 · age_up feudal |
| 11:14 | adrianmarateoo1993 · first_building Barracks |
| 11:16 | cdavidson742 · first_building Stable |
| 11:19 | adrianmarateoo1993 · wall_segment Palisade Wall x1 |
| 13:40 | adrianmarateoo1993 · wall_segment Palisade Wall x7 |
| 14:20 | adrianmarateoo1993 · wall_segment Palisade Wall x9 |
| 14:36 | adrianmarateoo1993 · wall_segment Palisade Wall x12 |
| 14:44 | adrianmarateoo1993 · wall_segment Palisade Wall x13 |
| 15:07 | adrianmarateoo1993 · wall_segment Palisade Wall x1 |
| 17:43 | adrianmarateoo1993 · wall_segment Palisade Wall x1 |
| 18:45 | adrianmarateoo1993 · first_building Stable |
| 19:14 | adrianmarateoo1993 · wall_segment Palisade Wall x1 |
| 19:15 | adrianmarateoo1993 · wall_segment Palisade Wall x1 |
| 19:50 | adrianmarateoo1993 · age_up castle |
| 21:40 | adrianmarateoo1993 · first_market_sell 100 wood |
| 21:42 | adrianmarateoo1993 · first_market_buy 100 food |
| 21:48 | cdavidson742 · age_up castle |
| 24:49 | adrianmarateoo1993 · first_building Castle |
| 26:36 | cdavidson742 · first_building Castle |
| 32:43 | cdavidson742 · age_up imperial |
| 34:28 | cdavidson742 · first_market_buy 100 wood |
| 35:34 | cdavidson742 · first_market_sell 100 stone |
| 35:35 | adrianmarateoo1993 · first_building Monastery |
| 37:57 | adrianmarateoo1993 · age_up imperial |
| 47:41 | adrianmarateoo1993 · wall_segment Palisade Wall x3 |
| 47:54 | adrianmarateoo1993 · wall_segment Palisade Wall x1 |
| 48:00 | adrianmarateoo1993 · wall_segment Palisade Wall x1 |
| 50:48 | adrianmarateoo1993 · resign |
[ AI ANALYSIS · 1 CREDIT ]
What really happened in this match?
Wolo.gg analyzes every decision: build order, eco, micro, common mistakes by bracket. Personalized analysis on WhatsApp or Discord in 30 seconds.
Civ guide
Franks
Map guide
Arabia
Perfil
cdavidson742